Map: 粉红之都 - 天梯版

Players

INnoVation - Winner!

  • Race: Terran Terran
  • League: Master
  • Spawn Location: 7:00

Cloudy

  • Race: Protoss Protoss
  • Spawn Location: 1:00

VOD

https://www.youtube.com/watch?v=xPjfAA9bqmQ

Description

스타크래프트 I & II 전 프로게이머인 크랭크의 스타크래프트 II 위주의 유튜브 채널입니다. 크랭크의 스타 II 중계 영상, 스타 II 튜토리얼 그리고 플레이 영상들이 업데이트 됩니다.

크랭크 영어 유튜브 채널: http://youtube.com/axcrank
크랭크 트위치 생방송 채널: http://twitch.tv/tvcrank

Time

  • Played on: Jan. 15, 2018, 6:10 a.m.
  • Length: 8:40
Show
View Real Time Build Order
Export as new Build Order

INnoVation Terran - Winner!

Build Orders: Reaper Expand, MMM Bio 

Get SALT Encoding   

  12  0:00  SCV  
  13  0:13  SCV  
  14  0:16  Supply Depot  
  14  0:25  SCV  
  15  0:38  SCV  
  15  0:39  Barracks  
  16  0:43  Refinery  
  16  0:50  SCV  
  17  1:02  SCV  
  18  1:14  SCV  
  19  1:26  Reaper, Orbital Command  
  20  1:46  Command Center  
  20  1:51  Supply Depot  
  20  1:52  SCV  
  21  1:58  Barracks Reactor  
  21  2:04  SCV  
  22  2:16  SCV  
  22  2:20  Command Center  
  23  2:28  SCV  
  24  2:33  Barracks  
  24  2:34  Marine  
  24  2:36  Marine  
  26  2:40  SCV  
  27  2:52  Marine  
  27  2:53  SCV, Marine  
  30  3:04  Orbital Command  
  30  3:06  SCV  
  30  3:10  Marine  
  30  3:11  Marine  
  33  3:18  SCV  
  33  3:21  Barracks Tech Lab  
  33  3:23  Engineering Bay  
  33  3:30  SCV x2  
  33  3:32  Orbital Command, Marine x2  
  37  3:40  Stimpack, Marine  
  38  3:42  SCV x2  
  38  3:48  Terran Infantry Weapons Level 1  
  40  3:50  Marine x2  
  40  3:54  SCV x2  
  44  3:56  Barracks  
  44  3:57  Marine  
  44  3:59  SCV  
  46  4:05  Bunker  
  46  4:06  SCV  
  46  4:07  SCV  
  48  4:10  Marine x2  
  48  4:11  SCV  
  48  4:15  Marine  
  52  4:17  Factory, Refinery  
  52  4:20  Refinery  
  52  4:21  Supply Depot  
  52  4:25  SCV x2  
  52  4:26  SCV  
  52  4:30  Marine x2  
  57  4:33  Marine  
  57  4:35  Missile Turret  
  58  4:38  Supply Depot  
  58  4:39  SCV x3  
  58  4:43  Barracks Tech Lab  
  61  4:46  Refinery  
  61  4:49  Marine  
  61  4:50  Marine  
  61  4:51  Marine  
  64  4:53  SCV x3  
  67  5:01  Starport  
  67  5:02  Factory Reactor, Supply Depot  
  67  5:04  Combat Shields  
  66  5:09  SCV  
  66  5:13  Barracks x2  
  67  5:18  Marauder  
  67  5:19  Marauder  
  67  5:21  Marine x2  
  73  5:24  Supply Depot  
  72  5:34  Supply Depot  
  72  5:40  Marauder x2  
  72  5:41  Concussive Shells, Marine x2  
  78  5:44  Medivac x2  
  78  5:47  Terran Infantry Armor Level 1  
  82  5:50  Supply Depot  
  82  5:51  Factory Reactor  
  82  5:54  SCV x3  
  85  5:57  Supply Depot  
  85  5:59  Marine x2  
  85  6:01  Barracks Reactor  
  85  6:02  Barracks Tech Lab  
  89  6:04  Marauder  
  89  6:05  Marauder  
  89  6:09  Orbital Command  
  91  6:13  Supply Depot  
  91  6:17  Marine x2  
  93  6:20  Medivac  
  93  6:22  Medivac  
  93  6:25  Supply Depot  
  97  6:29  Widow Mine x2  
  97  6:31  Marauder x2  
  105  6:33  Marauder  
  105  6:38  Marine x4  
  111  6:41  Supply Depot  
  111  6:52  Marauder x2, Widow Mine x2  
  119  6:54  Marauder  
  119  6:56  Marine x4  
  119  7:00  Medivac  
  127  7:03  Supply Depot, Medivac  
  127  7:05  Supply Depot  
  129  7:14  Marauder x2  
  129  7:15  Widow Mine  
  135  7:16  Marauder, Widow Mine  
  135  7:21  Marine x2  
  141  7:24  Supply Depot  
  141  7:25  Marine x2  
  141  7:28  Supply Depot  
  143  7:35  Marauder  
  143  7:36  Marauder  
  147  7:37  Marauder  
  147  7:39  Marine x2  
  147  7:41  Widow Mine  
  147  7:42  Marine x2, Widow Mine  
  157  7:49  Medivac x2  
  161  7:51  Supply Depot  
  161  8:02  Widow Mine  
  161  8:04  Marauder x3, Widow Mine  
  171  8:05  Marine  
  171  8:06  Marine  
  173  8:12  Marine x2  
  178  8:21  Supply Depot  
Show
View Real Time Build Order
Export as new Build Order

Cloudy Protoss 

Build Orders: 1 Gate Expand, Double Forge, Blink Stalkers 

Get SALT Encoding   

  12  0:01  Probe  
  13  0:13  Probe  
  14  0:19  Pylon  
  14  0:25  Probe  
  15  0:37  Gateway  
  15  0:39  Probe (Chrono Boost)  
  16  0:47  Assimilator  
  16  0:49  Probe (Chrono Boost)  
  17  0:54  Probe (Chrono Boost)  
  18  1:05  Probe  
  19  1:22  Nexus  
  19  1:33  Cybernetics Core  
  19  1:36  Probe  
  20  1:43  Assimilator  
  20  1:48  Probe  
  20  1:53  Pylon  
  21  2:00  Probe  
  22  2:08  Stalker (Chrono Boost)  
  22  2:11  Warp Gate  
  22  2:14  Probe  
  25  2:27  Probe  
  25  2:29  Stalker (Chrono Boost)  
  26  2:36  Probe  
  29  2:41  Probe  
  30  2:48  Probe  
  31  2:53  Probe, Stalker  
  34  3:01  Probe (Chrono Boost)  
  34  3:02  Twilight Council  
  34  3:06  Probe (Chrono Boost)  
  36  3:17  Probe (Chrono Boost)  
  36  3:18  Probe (Chrono Boost)  
  37  3:22  Probe (Chrono Boost)  
  37  3:24  Probe  
  39  3:31  Gateway  
  39  3:32  Gateway  
  40  3:34  Probe (Chrono Boost), Blink (Chrono Boost)  
  40  3:36  Probe (Chrono Boost)  
  41  3:47  Pylon  
  43  3:50  Probe x2 (Chrono Boost)  
  43  3:54  Probe (Chrono Boost)  
  43  3:57  Probe  
  43  3:59  Assimilator  
  45  4:05  Probe  
  45  4:09  Probe  
  47  4:22  Nexus  
  47  4:24  Pylon  
  47  4:26  Stalker  
  47  4:29  Stalker x2  
  53  4:31  Probe  
  54  4:42  Probe  
  54  4:43  Probe  
  56  4:49  Forge  
  56  4:50  Forge  
  56  4:53  Stalker  
  56  4:58  Pylon, Stalker  
  61  5:05  Sentry  
  62  5:15  Pylon  
  62  5:16  Probe, Protoss Ground Weapons Level 1 (Chrono Boost)  
  62  5:20  Robotics Facility  
  62  5:21  Probe, Charge  
  64  5:24  Protoss Ground Armor Level 1 (Chrono Boost)  
  64  5:28  Probe  
  65  5:33  Probe  
  64  5:36  Gateway  
  64  5:39  Gateway  
  64  5:41  Gateway  
  64  5:42  Probe  
  65  5:47  Probe x2  
  67  5:52  Gateway  
  67  5:57  Gateway  
  67  6:00  Pylon  
  67  6:03  Probe x3  
  70  6:06  Pylon  
  70  6:11  Pylon  
  70  6:14  Templar Archives, Observer  
  70  6:15  Probe x2  
  70  6:16  Zealot  
  70  6:18  Zealot  
  77  6:19  Probe  
  78  6:29  Zealot  
  76  6:37  Shield Battery, Zealot  
  76  6:38  Zealot  
  80  6:41  Zealot x3  
  86  6:48  Zealot  
  86  6:52  Zealot  
  90  6:58  Zealot  
  92  7:04  Observer  
  92  7:06  Zealot x5  
  103  7:11  Stalker  
  105  7:20  Probe x3  
  108  7:28  Zealot x4  
  116  7:36  Stalker  
  117  7:39  Pylon  
  117  7:40  Pylon  
  117  7:42  Pylon  
  117  7:45  Assimilator  
  117  7:46  Assimilator  
  117  7:50  Photon Cannon  
  117  7:59  High Templar x3  
  117  8:00  Zealot x2, High Templar  
  117  8:01  Zealot x2  
  117  8:04  Nexus, Archon x2  
  133  8:07  Pylon  
  129  8:23  Zealot x4  
Tags
 
Add a new tag
Caveats
  • Supply blocks, unpowered buildings, or Contaminate may cause inaccurate times.
  • Supply counts are checked every 10 seconds.